 Dungeon Crawl Stone Soup version 0.21.1-1-g345015f (webtiles) character file.

3756 dvd the Transmogrifier (level 10, 0/61 HPs)
             Began as an Octopode Transmuter on July 29, 2018.
             Was an Elder of Cheibriados.
             Slain by a hornet (8 damage)
             ... while paralysed by a hornet
             ... on level 7 of the Dungeon.
             The game lasted 00:25:58 (6274 turns).

dvd the Transmogrifier (Octopode Transmuter)        Turns: 6274, Time: 00:25:58

Health: 0/61       AC:  2    Str: 21    XL:     10   Next: 15%
Magic:  15/19      EV:  2    Int: 28    God:    Cheibriados [****..]
Gold:   368        SH:  0    Dex: 22    Spells: 6/21 levels left

rFire    x . .     SeeInvis .     - Unarmed
rCold    + . .     Gourm    .   (shield currently unavailable)
rNeg     + . .     Faith    .   v - +1 hat
rPois    .         Spirit   .   k - amulet of regeneration
rElec    .         Reflect  .   e - ring of positive energy
rCorr    .         Harm     .   y - ring of ice
MR       .....                  (no ring)
Stlth    +++++.....             (no ring)
HPRegen  0.60/turn              (no ring)
MPRegen  0.16/turn              (no ring)
                                (no ring)
                                (no ring)

@: paralysed, blade tentacles (expiring), slowed, very slow
A: almost no armour, stealthy swim, amphibious, 8 rings, constrict 8, camouflage
1, gelatinous body 1
a: End Transformation, Bend Time, Temporal Distortion, Slouch, Renounce Religion


You were on level 7 of the Dungeon.
You worshipped Cheibriados.
Cheibriados was greatly pleased with you.
You were not hungry.
You had blades for tentacles.
You visited 1 branch of the dungeon, and saw 7 of its levels.

You collected 368 gold pieces.

Inventory:

Missiles
 a - 168 arrows
 n - 2 silver tomahawks (quivered)
Armour
 v - a +1 hat (worn)
Jewellery
 e - a ring of positive energy (left scythe-like blade)
 k - an amulet of regeneration (around mantle)
 m - an uncursed amulet of guardian spirit
 r - an uncursed amulet of magic regeneration
 u - an uncursed ring of ice
 y - a ring of ice (right scythe-like blade)
Wands
 B - a wand of polymorph (16)
 D - a wand of disintegration (13)
 E - a wand of acid (9)
Scrolls
 d - 2 scrolls of fear
 f - a scroll of amnesia
 g - 11 scrolls of identify
 i - 6 scrolls of teleportation
 j - a scroll of remove curse
 q - a scroll of torment {unknown}
 z - a scroll of fog {unknown}
Potions
 h - a potion of resistance {unknown}
 l - 3 potions of might {unknown}
 p - 3 potions of curing {unknown}
 s - 2 potions of brilliance {unknown}
 t - 2 potions of lignification {unknown}
 w - a potion of magic {unknown}
Books
 b - a book of Changes

   Spells                             Type                      Level
   a - Beastly Appendage              Transmutation                1
   b - Sticks to Snakes               Transmutation                2
   c - Spider Form                    Transmutation/Poison         3
   d - Ice Form                       Ice/Transmutation            4
   e - Blade Hands                    Transmutation                5
 o - a book of Misfortune

   Spells                             Type                      Level
   a - Confusing Touch                Hexes                        1
   b - Confuse                        Hexes                        3
   c - Gell's Gravitas                Translocation                3
   d - Petrify                        Transmutation/Earth          4
   e - Metabolic Englaciation         Hexes/Ice                    5
   f - Yara's Violent Unravelling     Hexes/Transmutation          5
 x - a book of Battle

   Spells                             Type                      Level
   a - Infusion                       Charms                       1
   b - Shroud of Golubria             Charms/Translocation         2
   c - Song of Slaying                Charms                       2
   d - Spectral Weapon                Hexes/Charms                 3
   e - Regeneration                   Charms/Necromancy            3
 A - a book of Minor Magic

   Spells                             Type                      Level
   a - Magic Dart                     Conjuration                  1
   b - Blink                          Translocation                2
   c - Call Imp                       Summoning                    2
   d - Slow                           Hexes                        2
   e - Conjure Flame                  Conjuration/Fire             3
   f - Mephitic Cloud                 Conjuration/Poison/Air       3
Comestibles
 c - 14 rations
 C - a chunk of flesh


   Skills:
 + Level 2.3 Fighting
 + Level 4.2 Dodging
 + Level 6.7 Stealth
 + Level 7.4 Unarmed Combat
 + Level 6.2 Spellcasting
 + Level 0.5 Translocations
 * Level 8.7 Transmutations


You had 6 spell levels left.
You knew the following spells:

 Your Spells              Type           Power        Failure   Level  Hunger
a - Beastly Appendage     Tmut           ######       8%          1    None
b - Sticks to Snakes      Tmut           ######..     10%         2    None
c - Blink                 Tloc           N/A          38%         2    None
d - Blade Hands           Tmut           ######....   30%         5    #####..
e - Ice Form              Ice/Tmut       #####...     45%         4    ###....
f - Magic Dart            Conj           #...         36%         1    None


Dungeon Overview and Level Annotations

Branches:
Dungeon (7/15)
 Temple: D:4-7

Altars:
Ashenzari
Cheibriados
Dithmenos
Fedhas
Uskayaw

Annotations:
D:4 snakesoul's ghost, amateur GrFi
D:7 5 runed doors


Innate Abilities, Weirdness & Mutations

You cannot wear most types of armour.
You are very stealthy in the water. (Stealth+)
You are amphibious.
You can wear up to eight rings at the same time.
You can use your tentacles to constrict eight enemies at once.
Your skin changes colour to match your surroundings (Stealth+).
Your rubbery body absorbs attacks. (AC +1, EV +1)


Message History

The hornet closely misses you.
You hit the hornet. Your grab misses the hornet. You squeeze the hornet!
The hornet is heavily wounded.
The hornet stings you!
You feel yourself slow down.
You slash the hornet! Your grab misses the hornet.
Your squeeze misses the hornet.
The hornet is almost dead.
The hornet closely misses you. The hornet stings you.
You feel as though you will be slow longer.
You barely miss the hornet. Your grab misses the hornet.
Your squeeze misses the hornet.
The hornet is almost dead.
The hornet stings you!
You feel as though you will be slow longer.
The hornet stings you.
You suddenly lose the ability to move!
The hornet stings you!
* * * LOW HITPOINT WARNING * * *
You feel as though you will be slow longer.
The hornet stings you!
You die...

#...........######.......
#........##..............
########........##.##.#.#......#
#.....................#.######รท#
##(#####........####..#.######.#
#.#...............#..#........#
#.#.######........#..########.#
#.#[# #.#####..#..### #... #.#.#
#.#..@........#####'## #.#.#
#.#.#y#..##.#.#...'_'. #.#.# #.#
#.#.........###+#. #.#.# #.#
#.#..#..#...# #... #.#.# #.#
#<#..#..#...# #### #.#.# #.#
..#.........# ##.#.# #.#
..##.#####..# #.<..# #.# ..##.#
#..# ##.#.# #.##.### ####


You could see a hornet.

Vanquished Creatures
  A two-headed ogre (D:6)
  The ghost of Ymberto the Transmogrifier, a novice NaTm of Xom (D:6)
  A troll (D:7)
  A spriggan (D:7)
  A hungry ghost (D:7)
  A water moccasin (D:6)
  Duvessa (D:5)
  2 ice beasts
  2 sky beasts
  An ogre (D:6)
  4 centaurs
  2 bullfrogs (D:6)
  A gnoll sergeant (D:5)
  2 crimson imps
  4 hounds
  A quasit (D:5)
  2 jellies
  4 orc priests
  2 orc wizards (D:6)
  2 bullfrog skeletons
  Natasha (thrice) (D:4)
  4 worker ants
  2 hound skeletons
  A hound zombie (D:7)
  Robin (D:4)
  3 gnolls
  10 adders
  2 adder skeletons
  2 worms (D:3)
  2 dart slugs
  4 leopard geckos
  24 orcs
  3 ball pythons
  6 giant cockroaches
  12 hobgoblins
  9 jackals
  9 kobolds
  3 quokkas
  6 bats
  6 frilled lizards
  A giant cockroach zombie (D:5)
  12 goblins
  A quokka skeleton (D:4)
  8 rats
170 creatures vanquished.

Vanquished Creatures (collateral kills)
  Dowan (D:5)
  A bullfrog skeleton (D:5)
  A bullfrog zombie (D:6)
  A hound skeleton (D:4)
  A gnoll (D:5)
  An orc (D:6)
  A frilled lizard (D:5)
7 creatures vanquished.

Grand Total: 177 creatures vanquished

Notes
Turn   | Place    | Note
-------+----------+-------------------------------------------
     0 | D:1      | dvd the Octopode Transmuter began the quest for the Orb.
     0 | D:1      | Reached XP level 1. HP: 13/13 MP: 3/3
    89 | D:1      | Reached XP level 2. HP: 9/18 MP: 5/5
   602 | D:1      | Reached XP level 3. HP: 22/23 MP: 4/6
  1089 | D:2      | Reached skill level 1 in Stealth
  1151 | D:2      | Reached XP level 4. HP: 8/28 MP: 5/7
  1828 | D:2      | Found a snail-covered altar of Cheibriados.
  1844 | D:2      | Became a worshipper of Cheibriados the Contemplative
  1896 | D:2      | Reached skill level 3 in Transmutations
  1896 | D:2      | Reached XP level 5. HP: 7/33 MP: 8/8
  2035 | D:3      | Found a faded altar of an unknown god.
  2080 | D:3      | Learned a level 2 spell: Sticks to Snakes
  2208 | D:3      | Found a shattered altar of Ashenzari.
  2213 | D:3      | Found a shadowy altar of Dithmenos.
  2710 | D:4      | Reached * piety under Cheibriados
  2837 | D:4      | Reached XP level 6. HP: 38/38 MP: 5/9
  2929 | D:4      | Noticed Natasha
  2936 | D:4      | Killed Natasha
  3046 | D:4      | Noticed Natasha
  3051 | D:4      | Killed Natasha
  3069 | D:4      | Noticed Natasha
  3078 | D:4      | Killed Natasha
  3090 | D:4      | Learned a level 2 spell: Blink
  3104 | D:4      | Noticed Robin
  3119 | D:4      | Killed Robin
  3123 | D:4      | Reached ** piety under Cheibriados
  3214 | D:4      | Noticed snakesoul's ghost (amateur GrFi)
  3246 | D:5      | Entered Level 5 of the Dungeon
  3412 | D:5      | Reached skill level 4 in Transmutations
  3412 | D:5      | Reached XP level 7. HP: 25/43 MP: 11/11
  3497 | D:5      | Learned a level 5 spell: Blade Hands
  3564 | D:5      | Reached skill level 5 in Unarmed Combat
  3800 | D:5      | Noticed Duvessa
  3833 | D:5      | Noticed Dowan
  3879 | D:5      | Killed Duvessa
  3879 | D:5      | Reached skill level 5 in Transmutations
  3879 | D:5      | Reached XP level 8. HP: 26/48 MP: 7/13
  3977 | D:5      | Reached *** piety under Cheibriados
  3993 | D:5      | Killed Dowan
  4634 | D:6      | Learned a level 4 spell: Ice Form
  4666 | D:6      | Learned a level 1 spell: Magic Dart
  4825 | D:6      | Noticed Ymberto's ghost (novice NaTm)
  4829 | D:6      | Killed Ymberto's ghost
  4829 | D:6      | Reached skill level 5 in Stealth
  4829 | D:6      | Reached skill level 6 in Transmutations
  4829 | D:6      | Reached XP level 9. HP: 50/54 MP: 9/16
  4847 | D:6      | Reached skill level 5 in Spellcasting
  4848 | D:6      | Noticed a two-headed ogre
  4851 | D:6      | Killed a two-headed ogre
  4851 | D:6      | Reached skill level 7 in Transmutations
  5022 | D:6      | Reached **** piety under Cheibriados
  5774 | D:7      | Noticed a troll
  5783 | D:7      | Killed a troll
  5783 | D:7      | Reached skill level 8 in Transmutations
  5859 | D:7      | Reached XP level 10. HP: 52/61 MP: 12/19
  6146 | D:7      | Found the +9 staff of Olgreb {rPois}
  6148 | D:7      | Found a runed gate.
  6150 | D:7      | Found a runed door.
  6162 | D:7      | Found a runed gate.
  6162 | D:7      | Found a runed gate.
  6170 | D:7      | Found a runed door.
  6180 | D:7      | Found a blossoming altar of Fedhas.
  6190 | D:7      | Found a hide-covered altar of Uskayaw.
  6272 | D:7      | Paralysed by a hornet for 3 turns
  6274 | D:7      | Slain by a hornet

Skill      XL: |  1  2  3  4  5  6  7  8  9 |
---------------+----------------------------+-----
Stealth        | 1 2 3 4 5 6 |  6.7
Transmutations | 3 4 5 6 8 |  8.7
Unarmed Combat | 4 5 6 7 |  7.4
Dodging        | 3 4 |  4.2
Spellcasting   | 3 4 6 |  6.2
Fighting       | 2 |  2.3
Translocations | |  0.5

Action                   |  1- 3 |  4- 6 |  7- 9 | 10-12 || total
-------------------------+-------+-------+-------+-------++-------
Melee: Unarmed           |    71 |   158 |   123 |    23 ||   375
       Constrict         |    23 |    42 |    26 |     3 ||    94
       Tentacles         |    13 |    21 |    35 |     4 ||    73
       Kick              |     8 |    22 |    41 |       ||    71
       Punch             |     2 |     5 |     7 |     1 ||    15
 Cast: Beastly Appendage |    12 |    18 |    15 |       ||    45
       Sticks to Snakes  |       |     8 |    16 |       ||    24
       Blade Hands       |       |       |     9 |     8 ||    17
       Blink             |       |       |     2 |       ||     2
       Magic Dart        |       |       |     8 |       ||     8
  Use: Scroll            |       |       |    11 |       ||    11
 Stab: Sleeping          |     6 |     6 |    11 |     4 ||    27
       Distracted        |       |       |     2 |       ||     2
  Eat: Chunk             |     1 |     7 |     7 |     3 ||    18
Armor: Skin              |     4 |     5 |     6 |       ||    15
Dodge: Dodged            |    39 |   117 |    79 |    13 ||   248
